 Dungeon Crawl Stone Soup version 0.31-a0-700-gf13585253f (webtiles) character file.

Game seed: 1050403778079823379

390 qw the Shooter (level 6, -3/38 HPs)
             Began as a Gargoyle Hunter on Sept 7, 2023.
             Slain by Duvessa
             ... wielding a +0 short sword
              (7 damage)
             ... on level 4 of the Dungeon.
             The game lasted 00:00:56 (2324 turns).

qw the Shooter (Gargoyle Hunter)                    Turns: 2324, Time: 00:00:57

Health: -3/38      AC:  9    Str: 14    XL:     6   Next: 80%
Magic:  6/6        EV: 11    Int: 10    God:
Gold:   161        SH:  5    Dex: 15    Spells: 5/5 levels left

rFire   . . .        Y - +0 shortbow (flame)
rCold   . . .        (shield currently unavailable)
rNeg    + . .        f - +2 leather armour {Will+}
rPois   inf          (no helmet)
rElec   +            (no cloak)
rCorr   .            (no gloves)
SInv    .            (no boots)
Will    +....        d - amulet of reflection
Stlth   ++           (no ring)
HPRegen 0.26/turn    (no ring)
MPRegen 0.10/turn

%: reflection
@: no status effects
A: sickness immunity, AC +4, negative energy resistance 1, electricity
resistance, torment resistance 1, petrification resistance
a: no special abilities


You were on level 4 of the Dungeon.
You visited 1 branch of the dungeon, and saw 4 of its levels.

You collected 161 gold pieces.


Innate Abilities, Weirdness & Mutations

You are immune to sickness and miasma.
Your stone body is resilient. (AC +4)
You are immune to poison.
You resist negative energy. (rN+)
You are resistant to electric shocks. (rElec)
You are resistant to unholy torment.
You are immune to petrification.


   Skills:
 - Level 4.0 Fighting
 - Level 7.2 Ranged Weapons
 + Level 1.6 Dodging
 - Level 1.1 Stealth


You had 5 spell levels left.
You didn't know any spells.
Your spell library was empty.

Inventory:

Hand Weapons
 Y - a +0 shortbow of flaming (weapon)
Armour
 f - a +2 leather armour of willpower (worn)
 k - a +0 ring mail of fire resistance
Jewellery
 d - an amulet of reflection (around neck)
Scrolls
 a - 3 scrolls of identify {unknown}
Potions
 h - a potion of might {unknown}
 i - a potion of invisibility {unknown}

Dungeon Overview and Level Annotations

Branches:
Dungeon (4/15)
 Temple: D:4-7

Altars:
Fedhas
Kikubaaqudgha

Annotations:
D:4 Dowan, Duvessa


Message History

You shoot an arrow. The arrow hits Duvessa.
The arrow burns Duvessa.
Duvessa is moderately wounded.
You block Duvessa's attack. Duvessa closely misses you.
2318 |||
Found retreat position at 1,0 (Duvessa; floor) with 0 blocking monsters and 1 monsters attacking at destination at distance 1 You shoot an arrow.
The arrow hits Duvessa but does no damage.
Duvessa is moderately wounded.
You block Dowan's attack.
Duvessa says, "Practise, practise, practise!
One day you'll be as good as me." Duvessa completely misses you.
2319 |||
Found retreat position at 1,0 (Duvessa; floor) with 0 blocking monsters and 1 monsters attacking at destination at distance 1 You shoot an arrow.
The arrow closely misses Duvessa.
You block Duvessa's attack.
Dowan says, "Stay away from my face!"
Dowan hits you but does no damage. Duvessa hits you but does no damage.
2320 |||
Found retreat position at 1,0 (Duvessa; floor) with 0 blocking monsters and 1 monsters attacking at destination at distance 1 You shoot an arrow.
The arrow hits Duvessa but does no damage.
Duvessa is moderately wounded.
Dowan hits you but does no damage. Duvessa hits you with a +0 short sword!
2321 |||
Found retreat position at 1,0 (Duvessa; floor) with 0 blocking monsters and 1 monsters attacking at destination at distance 1 You shoot an arrow.
The arrow hits Duvessa.
The arrow burns Duvessa.
Duvessa is moderately wounded.
Duvessa hits you with a +0 short sword. You block Dowan's attack.
Duvessa barely misses you. Dowan hits you with a +0 dagger.
2322 |||
Found retreat position at 1,0 (Duvessa; floor) with 0 blocking monsters and 1 monsters attacking at destination at distance 1 You shoot an arrow.
The arrow barely misses Duvessa.
Duvessa hits you but does no damage. Dowan barely misses you.
You block Duvessa's attack.
2323 |||
Found retreat position at 1,0 (Duvessa; floor) with 0 blocking monsters and 1 monsters attacking at destination at distance 1 You shoot an arrow.
The arrow hits Duvessa but does no damage.
Duvessa is moderately wounded.
Duvessa hits you with a +0 short sword! You block Dowan's attack.
2324 |||
Found retreat position at 1,0 (Duvessa; floor) with 0 blocking monsters and 1 monsters attacking at destination at distance 1 You shoot an arrow.
The arrow hits Duvessa but does no damage.
Duvessa is moderately wounded.
Duvessa barely misses you. Duvessa hits you with a +0 short sword!
You die...

.........#....
.%......#....
..........%.. .. ##
............ ... ...
e....%..... .... ....
.....(.......PP ....>##
##...........P..
."##...##.....<.......P_
.......@e.......###..P.P
......e###......# #..PP
................# ##....
.....#...#..#...###.....
.##.##......#....##.....
#..........####........
## ...........#........
##...###.....##...##
##..##.#)..###.[.##


You could see Duvessa (fast) and Dowan.

Vanquished Creatures
  Sigmund (D:4)
  A scorpion (D:3)
  7 gnolls
  4 adders
  3 dart slugs
  8 orcs
  10 ball pythons
  An endoplasm (D:1)
  5 goblins
  4 hobgoblins
  3 jackals
  5 kobolds
  3 quokkas
  4 bats
  4 frilled lizards
  4 rats
67 creatures vanquished.

Notes
Turn   | Place    | Note
-------+----------+-------------------------------------------
     0 | D:1      | qw the Gargoyle Hunter began the quest for the Orb.
     0 | D:1      | Reached XP level 1. HP: 12/12 MP: 1/1
     0 | D:1      | 0 ||| qw: Version: 0.3-a-76-g4403597
     0 | D:1      | 0 ||| qw: Game counter: 618
     0 | D:1      | 0 ||| qw: Melee chars always use a shield: true
     0 | D:1      | 0 ||| qw: God list: Okawaru
     0 | D:1      | 0 ||| qw: Allow faded altars: false
     0 | D:1      | 0 ||| qw: Do Orc after clearing Dungeon:15 true
     0 | D:1      | 0 ||| qw: Do second Lair branch before Depths: true
     0 | D:1      | 0 ||| qw: Lair rune preference: random
     0 | D:1      | 0 ||| qw: Goals: Normal
     0 | D:1      | 0 ||| PLANNING D:1-11
   299 | D:1      | Reached XP level 2. HP: 17/17 MP: 2/2
   694 | D:1      | 694 ||| UPGRADING to +2 leather armour of willpower.
   704 | D:1      | 704 ||| DROPPING +0 leather armour.
   705 | D:1      | 705 ||| UPGRADING to amulet of reflection.
   710 | D:1      | 710 ||| DROPPING amulet of magic regeneration.
   711 | D:1      | 711 ||| READING 2 scrolls labelled YPTIRPH MOPE.
   712 | D:1      | 712 ||| DRINKING 2 blue potions.
   713 | D:1      | 713 ||| DROPPING scroll of noise.
   714 | D:1      | 714 ||| DROPPING scroll of butterflies.
   715 | D:1      | 715 ||| DROPPING potion of magic.
   936 | D:2      | 936 ||| Stepping ~*~*~tactically~*~*~ (outnumbered).
   937 | D:2      | 937 ||| Stepping ~*~*~tactically~*~*~ (outnumbered).
   948 | D:2      | HP: 1/17 [gnoll/+0 halberd (13)]
   949 | D:2      | Reached skill level 5 in Ranged Weapons
   949 | D:2      | Reached XP level 3. HP: 1/21 MP: 3/3
   955 | D:2      | Reached skill level 3 in Fighting
   955 | D:2      | Reached XP level 4. HP: 3/28 MP: 4/4
  1459 | D:3      | 1459 ||| STAIRDANCE
  1612 | D:3      | Noticed a scorpion
  1620 | D:3      | Killed a scorpion
  1621 | D:3      | Reached skill level 6 in Ranged Weapons
  1621 | D:3      | Reached XP level 5. HP: 23/32 MP: 5/5
  1674 | D:3      | Found an ancient bone altar of Kikubaaqudgha.
  2113 | D:3      | 2113 ||| READING 3 scrolls labelled LUSSUSO YDUTHRIUPP.
  2114 | D:3      | 2114 ||| READING scroll labelled SEUXZEPR NOPS.
  2115 | D:3      | 2115 ||| READING scroll labelled GUTUNA YRIFI.
  2119 | D:3      | 2119 ||| READING scroll labelled LEUDOL BATO.
  2120 | D:3      | 2120 ||| READING scroll labelled UNOCWA BOIBBO.
  2121 | D:3      | 2121 ||| READING scroll labelled GUVUMPEEKY.
  2122 | D:3      | 2122 ||| DROPPING 2 scrolls of amnesia.
  2140 | D:4      | 2140 ||| STAIRDANCE
  2177 | D:4      | 2177 ||| Stepping ~*~*~tactically~*~*~ (outnumbered).
  2212 | D:4      | Found a blossoming altar of Fedhas.
  2230 | D:4      | Reached XP level 6. HP: 38/38 MP: 6/6
  2241 | D:4      | Noticed Sigmund
  2253 | D:4      | Killed Sigmund
  2254 | D:4      | Reached skill level 7 in Ranged Weapons
  2300 | D:4      | Noticed Duvessa
  2300 | D:4      | Noticed Dowan
  2302 | D:4      | 2302 ||| RETREATING.
  2305 | D:4      | 2305 ||| Stepping ~*~*~tactically~*~*~ (retreating).
  2306 | D:4      | 2306 ||| Stepping ~*~*~tactically~*~*~ (retreating).
  2323 | D:4      | HP: 4/38 [Duvessa/+0 short sword (7)]
  2324 | D:4      | Slain by Duvessa

Levels and vault maps discovered:
D:1:      evilmike_arrival_fibonacci_small, layout_basic, grunt_decor_cap
D:2:      layout_loops_cross, chequers_serial_rivers_micro_c,
          serial_bayou_crossing
D:3:      layout_loops_cross, kiku_gazebo_garden_becter, minmay_pentomino_pile
D:4:      layout_cave_pools, nicolae_ru_awakened_eye, elyvilon_altar_4,
          fedhas_altar_3, mainiacjoe_overflow_alcove_4, uniq_duvessa,
          uniq_sigmund

Skill      XL: |  1  2  3  4  5  6 |
---------------+-------------------+-----
Ranged Weapons | 5 6 7 |  7.2
Fighting       | 3 4 |  4.0
Dodging        | |  1.6
Stealth        | |  1.1

Action                     |  1- 3 |  4- 6 || total
---------------------------+-------+-------++-------
   Fire: Shortbow          |    46 |   167 ||   213
    Use: Scroll            |     1 |     6 ||     7
         Potion            |     1 |       ||     1
 Armour: Leather armour    |    12 |    68 ||    80
  Dodge: Dodged            |    13 |    61 ||    74
  Block: Other             |     6 |    31 ||    37

Table legend:
 A = Non-vault XP
 B = Vault XP
 C = Vault XP percentage of total XP
 D = Non-vault monster count
 E = Vault monster count
 F = Vault count percentage of total count
                 A         B        C        D         E       F
            +---------+---------+-------+---------+---------+-------
      Total |     313 |     245 |  43.9 |      60 |       7 |  10.4
            +---------+---------+-------+---------+---------+-------
        D:1 |      14 |       0 |   0.0 |       8 |       0 |   0.0
        D:2 |      93 |       0 |   0.0 |      15 |       0 |   0.0
        D:3 |     167 |      22 |  11.6 |      21 |       6 |  22.2
        D:4 |      39 |     223 |  85.1 |      16 |       1 |   5.9
            +---------+---------+-------+---------+---------+-------
